 Dungeon Crawl Stone Soup version 0.26-a0-712-ga5a9c9c9d0 (webtiles) character file.

Game seed: 4824835384507569181

1239 RaHiT the Skirmisher (level 8, -33/63 HPs)
             Began as a Demonspawn Chaos Knight on Nov 1, 2020.
             Was a Plaything of Xom.
             Annihilated by a boulder beetle (48 damage)
             ... on level 6 of the Dungeon.
             The game lasted 00:26:02 (5870 turns).

RaHiT the Skirmisher (Demonspawn Chaos Knight)      Turns: 5870, Time: 00:26:03

Health: -33/63     AC:  9    Str: 13    XL:     8   Next: 25%
Magic:  11/11      EV: 12    Int: 19    God:    Xom [.*....]
Gold:   303        SH:  4    Dex: 13    Spells: 12/12 levels left

rFire    . . .     SeeInvis .     - Unarmed
rCold    + . .     Faith    .   p - +0 buckler
rNeg     . . .     Spirit   .   a - +2 leather armour
rPois    .         Reflect  .   (helmet restricted)
rElec    .         Harm     .   z - +0 cloak
rCorr    .         Rampage  .   (no gloves)
MR       +....                  (no boots)
Stlth    +.........             F - amulet of the acrobat
HPRegen  0.20/turn              u - ring of flight (curse)
MPRegen  0.12/turn              E - ring of protection from magic

@: no status effects
A: antennae 2, yellow scales 2, clever 2, cold resistance 1, demonic guardian 1,
mutation resistance 1
a: Renounce Religion, Evoke Flight


You were on level 6 of the Dungeon.
You worshipped Xom.
You were a plaything of Xom.
You visited 1 branch of the dungeon, and saw 6 of its levels.

You collected 343 gold pieces.
You spent 40 gold pieces at shops.

Inventory:

Hand Weapons
 b - a +1 vorpal hunting sling
 B - a +0 morningstar
 I - a +1 quarterstaff of speed
Missiles
 c - 200 stones
 i - 4 curare-tipped darts
 l - 53 arrows
 y - 4 boomerangs (quivered)
 C - 26 sling bullets
 J - 6 poisoned darts
Armour
 a - a +2 leather armour (worn)
 h - a +0 kite shield
 p - a +0 buckler (worn)
 z - a +0 cloak (worn)
Jewellery
 u - a cursed ring of flight (left hand)
 A - an uncursed ring of protection from cold
 E - a ring of protection from magic (right hand)
 F - an amulet of the acrobat (around neck)
Wands
 v - a wand of digging (8)
 K - a wand of disintegration (16)
Scrolls
 d - 4 scrolls of remove curse
 f - 3 scrolls of teleportation
 j - a scroll of amnesia
 m - 3 scrolls of immolation
 o - a scroll of random uselessness {unknown}
 r - a scroll of blinking {unknown}
 w - 2 scrolls of enchant weapon {unknown}
 G - a scroll of enchant armour {unknown}
Potions
 e - 2 potions of curing
 g - 2 potions of invisibility
 k - 3 potions of berserk rage {unknown}
 n - 3 potions of degeneration {unknown}
 q - 3 potions of brilliance
 s - 2 potions of stabbing {unknown}
 t - 4 potions of heal wounds {unknown}
 x - 3 potions of lignification {unknown}
 D - a potion of ambrosia {unknown}
 H - a potion of resistance {unknown}
 L - a potion of might


   Skills:
 * Level 5.4 Fighting
 + Level 2.6 Throwing
 + Level 3.3 Armour
 + Level 2.9 Dodging
 + Level 2.6 Shields
 * Level 5.0 Unarmed Combat
 + Level 2.5 Spellcasting
 + Level 1.8 Evocations


You had 12 spell levels left.
You didn't know any spells.
Your spell library was empty.

Dungeon Overview and Level Annotations

Branches:
Dungeon (6/15)             Temple (0/1) D:5

Altars:
Xom

Shops:
D:4 =


Innate Abilities, Weirdness & Mutations

You have a pair of antennae on your head.
You are mostly covered in yellow scales. (AC +3)
A weak demonic guardian rushes to your aid.
Your mind is very acute. (Int +4)
Your flesh is cold resistant. (rC+)
You are somewhat resistant to further mutation.


Message History

You enter a teleport trap!
The teleport trap disappears.
Your surroundings suddenly seem different.
You start resting. "Where it stops, nobody knows!"
Your surroundings suddenly seem different.
Your surroundings suddenly seem different.
Your surroundings suddenly seem different.
The boulder beetle curls into a ball and begins rolling!
There is an open door here.
You close the door.
You start resting.
A boulder beetle is nearby!
A boulder beetle is nearby!
Unknown command.
You open the door. "Hum-dee-hum-dee-hum..."
The boulder beetle hits you!!!
Ouch! That really hurt!
You die...
Xom titters!

#.#.###°# #.#########
#.#.###B# #.{{†......
#.#.....#############
#.#....5#<...#
#.#÷....####.#
#.#.○..○# ##'####
#.#°###.###.....#
#.#B##5..##.....#
#.#.@'...÷[)....#
###.####...##.....#
#..........##.....#
#...####...##.....#
#...# ##.........#
#...# #.........#
#...# #.......###
#...# #.......# #...#
#.......#


You could see a boulder beetle (agile) and a friendly shadow imp (summoned).

Vanquished Creatures
  An orc warrior (D:6)
  A phantom (D:6)
  2 scorpions
  2 hounds (D:5)
  An orc priest (D:6)
  2 bullfrog skeletons
  2 orc wizards (D:3)
  3 worker ants
  A howler monkey skeleton (D:3)
  6 gnolls
  8 adders
  A shadow imp (D:5)
  A white imp (D:5)
  An ooze (D:2)
  2 worms
  5 dart slugs
  5 leopard geckos
  7 orcs
  3 giant cockroaches
  6 goblins
  10 hobgoblins
  10 jackals
  4 kobolds
  A quokka (D:5)
  2 ball pythons (D:2)
  3 bats
  6 frilled lizards
  A giant cockroach zombie (D:6)
  10 rats
107 creatures vanquished.

Vanquished Creatures (collateral kills)
  Grinder (D:3)
  Sigmund (D:3)
  A sky beast (D:6)
  An ogre (D:4)
  A scorpion (D:4)
  A howler monkey (D:6)
  An orc wizard (D:3)
  A bullfrog skeleton (D:6)
  A worm (D:2)
  A leopard gecko (D:5)
  An orc (D:3)
  A ball python (D:3)
  A jackal (D:6)
  A quokka (D:6)
14 creatures vanquished.

Grand Total: 121 creatures vanquished

Notes
Turn   | Place    | Note
-------+----------+-------------------------------------------
     0 | D:1      | RaHiT the Demonspawn Chaos Knight began the quest for the
                  | Orb.
     0 | D:1      | Reached XP level 1. HP: 18/18 MP: 1/1
   145 | D:1      | Reached skill level 1 in Dodging
   166 | D:1      | XOM: smoke on damage
   173 | D:1      | Gained mutation: You have a pair of small antennae on your
                  | head. [demonic ancestry]
   173 | D:1      | Reached XP level 2. HP: 15/24 MP: 2/2
   276 | D:1      | XOM: silly message
   277 | D:1      | XOM: silly message
   494 | D:1      | XOM: silly message
   809 | D:1      | Gained mutation: You are partially covered in yellow
                  | scales. (AC +2) [demonic ancestry]
   809 | D:1      | Reached XP level 3. HP: 14/29 MP: 3/3
  1259 | D:2      | XOM: cast spell 'Call Canine Familiar'
  1268 | D:2      | XOM: potion effect (brilliance)
  1321 | D:2      | Gained mutation: A weak demonic guardian rushes to your
                  | aid. [demonic ancestry]
  1321 | D:2      | Reached XP level 4. HP: 24/35 MP: 5/5
  1373 | D:2      | XOM: divination: detect items
  1428 | D:2      | XOM: silly message
  1571 | D:2      | XOM: silly message
  1666 | D:2      | XOM: divination: detect items
  1671 | D:2      | Reached skill level 1 in Spellcasting
  1676 | D:2      | Reached skill level 1 in Throwing
  1683 | D:2      | Reached skill level 1 in Shields
  1849 | D:2      | XOM: summons friendly crimson imp
  2433 | D:3      | Noticed Sigmund
  2440 | D:3      | Killed Sigmund
  2440 | D:3      | Gained mutation: You have a pair of antennae on your head.
                  | [demonic ancestry]
  2440 | D:3      | Reached XP level 5. HP: 31/42 MP: 5/7
  2482 | D:3      | XOM: scenery: create altars
  2543 | D:3      | XOM: god gift: runed bone wand {god gift}
  2651 | D:3      | Reached XP level 6. HP: 14/48 MP: 8/8
  2853 | D:2      | XOM: divination: detect creatures
  2973 | D:3      | Noticed Grinder
  2973 | D:3      | Paralysed by Grinder for 5 turns
  2977 | D:3      | XOM: summons friendly shadow imp
  2978 | D:3      | XOM: divination: magic mapping
  2982 | D:3      | XOM: divination: detect items
  2985 | D:3      | Killed Grinder
  3466 | D:3      | XOM: give mutations
  3466 | D:3      | Gained mutation: You are somewhat resistant to further
                  | mutation. [Xom's grace]
  3466 | D:3      | Gained mutation: Your flesh is cold resistant. (rC+) [Xom's
                  | grace]
  3466 | D:3      | Gained mutation: Your mind is acute. (Int +2) [Xom's grace]
  3466 | D:3      | Gained mutation: Your mind is very acute. (Int +4) [Xom's
                  | grace]
  3605 | D:4      | XOM: 2-stop teleportation journey
  3650 | D:4      | Found Sualejiq's Jewellery Shoppe.
  3668 | D:4      | Reached XP level 7. HP: 33/55 MP: 9/9
  3685 | D:4      | Bought a cursed -4 ring of intelligence for 20 gold pieces
  3685 | D:4      | Bought a cursed -4 ring of protection for 20 gold pieces
  3846 | D:4      | XOM: cloud trail
  4083 | D:4      | XOM: 3-stop teleportation journey
  4241 | D:4      | XOM: silly message
  4541 | D:4      | XOM is BORED!
  4564 | D:5      | Entered Level 5 of the Dungeon
  4685 | D:5      | Reached skill level 1 in Evocations
  4798 | D:5      | XOM: noise
  4829 | D:5      | XOM: noise
  4839 | D:5      | Reached skill level 5 in Fighting
  4946 | D:5      | XOM: noise
  5035 | D:5      | Found a staircase to the Ecumenical Temple.
  5128 | D:5      | XOM: silly message
  5170 | D:5      | XOM: smoke on damage
  5616 | D:6      | Gained mutation: You are mostly covered in yellow scales.
                  | (AC +3) [demonic ancestry]
  5616 | D:6      | Reached XP level 8. HP: 48/62 MP: 11/11
  5622 | D:6      | XOM: summons 2 hostile demons
  5793 | D:6      | Reached skill level 5 in Unarmed Combat
  5823 | D:6      | Noticed a boulder beetle
  5825 | D:6      | XOM: enchant monster (bad)
  5827 | D:6      | XOM: butterfly on damage
  5863 | D:6      | XOM: 3-stop teleportation journey
  5870 | D:6      | XOM: enchant monster (bad)
  5870 | D:6      | Annihilated by a boulder beetle

Illustrated notes

Levels and vault maps discovered:
D:1:      dpeg_arrival_three_same_balls, layout_rooms, chequers_arboretum
D:2:      minmay_razor_zed, layout_basic, hex_large
D:3:      layout_rooms, minmay_splitting_lines, uniq_sigmund, uniq_grinder
D:4:      layout_basic, serial_shops, shop, lemuel_flame_loot_1
D:5:      layout_basic, minmay_temple_entry_steel_oval
D:6:      minmay_cornered_nines, layout_basic, uniq_edmund,
          uniq_crazy_yiuf_cottage

Skill      XL: |  1  2  3  4  5  6  7  8 |
---------------+-------------------------+-----
Dodging        | 1 2 |  2.9
Armour         | 2 3 |  3.3
Unarmed Combat | 3 4 5 |  5.0
Spellcasting   | 1 2 |  2.5
Throwing       | 1 2 |  2.6
Shields        | 1 2 |  2.6
Fighting       | 4 5 |  5.4
Evocations     | 1 |  1.8

Action                   |  1- 3 |  4- 6 |  7- 9 || total
-------------------------+-------+-------+-------++-------
Melee: Unarmed           |   143 |   232 |   205 ||   580
       Punch             |     2 |     4 |       ||     6
 Fire: Hunting sling     |       |    20 |       ||    20
Throw: Stone             |    61 |     1 |       ||    62
       Dart              |     2 |     7 |    26 ||    35
       Boomerang         |       |       |    34 ||    34
  Use: Scroll            |     4 |       |     3 ||     7
       Potion            |       |     1 |       ||     1
 Stab: Distracted        |       |     1 |       ||     1
       Sleeping          |       |       |     1 ||     1
Armor: Leather armour    |    44 |    71 |    55 ||   170
Dodge: Dodged            |    80 |    97 |   116 ||   293
Block: Buckler           |       |     5 |    32 ||    37

Table legend: (Time is in decaauts)
 A = Elapsed time spent in this place.
 B = Non-inter-level travel time spent in this place.
 C = Inter-level travel time spent in this place.
 D = Time resting spent in this place.
 E = Time spent auto-exploring this place.
 F = Levels seen in this place.
 G = Mean time per level.
                   A        B        C        D        E       F      G
               +--------+--------+--------+--------+--------+-----+--------+
         Total |   5835 |   5621 |    214 |    486 |   1438 |   6 |  972.5 |
       Dungeon |   5835 |   5621 |    214 |    486 |   1438 |   6 |  972.5 |
               +--------+--------+--------+--------+--------+-----+--------+

Top non-repeatable levels by time:
     D:2: 1529 daAuts
     D:4: 1093 daAuts
     D:1: 1059 daAuts
     D:5: 888 daAuts
     D:3: 857 daAuts
     D:6: 407 daAuts
